 Dungeon Sprint DCSS version 0.26.1-11-gd32895ea62 (webtiles) character file.

Game seed: 5319530522923629104

441 nothank2 the Protected (level 6, -9/64 HPs)
             Began as a Minotaur Fighter on July 10, 2021.
             Was an Initiate of Trog.
             Succumbed to Sonja's poison
             ... in the Dungeon (Sprint I: "Red Sonja").
             The game lasted 00:02:44 (496 turns).

nothank2 the Protected (Minotaur Fighter)            Turns: 496, Time: 00:02:45

Health: -9/64      AC:  8    Str: 22    XL:     6   Next: 71%
Magic:  5/5        EV:  9    Int:  5    God:    Trog [......]
Gold:   159        SH: 11    Dex: 10    Spells: 5/5 levels left

rFire    . . .     SeeInvis .   a - +0 long sword
rCold    . . .     Faith    .   c - +0 kite shield
rNeg     . . .     Spirit   .   b - +0 scale mail
rPois    .         Reflect  .   (helmet restricted)
rElec    .         Harm     .   (no cloak)
rCorr    .         Rampage  .   (no gloves)
Will     .....     NoTele   +   (no boots)
Stlth    ..........             (no amulet)
HPRegen  0.20/turn              (no ring)
MPRegen  0.09/turn              (no ring)

@: lethally poisoned (-9 -> -118), slowed, very slow
A: retaliatory headbutt, horns 2
a: Renounce Religion


You were in the Dungeon.
You worshipped Trog.
Trog was noncommittal.
You visited 1 branch You collected 309 gold pieces.
You spent 150 gold pieces at shops.

Inventory:

Hand Weapons
 a - a +0 long sword (weapon)
Armour
 b - a +0 scale mail (worn)
 c - a +0 kite shield (worn)
Scrolls
 j - a scroll of blinking
 k - 2 scrolls of enchant armour
Potions
 d - a potion of might
 g - a potion of haste
 h - 2 potions of magic
 i - a potion of berserk rage


   Skills:
 + Level 9.4 Fighting
 + Level 8.1 Long Blades
 + Level 10.2 Armour
 + Level 2.0 Dodging
 + Level 8.9 Shields


You had 5 spell levels left.
You didn't know any spells.
Your spell library was empty.

Dungeon Overview and Level Annotations

Branches:
Dungeon (1/1)

Altars:
Cheibriados
Dithmenos
Elyvilon
Fedhas
Gozag
Hepliaklqana
Kikubaaqudgha
Nemelex Xobeh
Okawaru
Qazlal
Ru
Sif Muna
Trog
Uskayaw
Vehumet
Wu Jian
Yredelemnul
Zin
The Shining One

Shops:
D *

Annotations:
D Sonja


Innate Abilities, Weirdness & Mutations

You reflexively headbutt those who attack you in melee.
You have a pair of horns on your head.


Message History

Sonja barely misses you. x2
Sonja hits you with a +1 short sword of venom.
* * * LOW HITPOINT WARNING * * *
You are more poisoned.
You block Sonja's attack. x2; Sonja hits you but does no damage.
You are more poisoned.
You miss Sonja. Your headbutt misses Sonja.
Sonja is heavily wounded.
* * * LOW HITPOINT WARNING * * *
You feel extremely sick. Sonja misses you. You furiously retaliate!
You headbutt Sonja. Sonja hits you but does no damage.
You are more poisoned.
You block Sonja's attack. Sonja hits you but does no damage.
You are more poisoned.
Sonja hits you but does no damage.
You are more poisoned.
You block Sonja's attack.
Sonja drinks a potion.
Sonja is healed!
You completely miss Sonja.
You die...

################
#<.#..)..#..'..#
#..').#..)..#..+
#..#####'#####'#
#..####..#...#[#
#..#__####..##.#
#..#_____##'#_.+
#⌠⌠#_.∩..K@.(._#
####_..__##_(#+#
#_____###(#
#########(##
+$.$+ #$.(#
##.## #+#


You could see Sonja.

Vanquished Creatures
  Sigmund (D)
  A yak (D)
  An ogre (D)
  A jelly (D)
  Ijyb (D)
5 creatures vanquished.

Notes
Turn   | Place    | Note
-------+----------+-------------------------------------------
     0 | D        | nothank2 the Minotaur Fighter began the quest for the Orb.
     0 | D        | Reached XP level 1. HP: 19/19 MP: 0/0
     1 | D        | Noticed Ijyb
    11 | D        | Killed Ijyb
    12 | D        | Reached skill level 5 in Fighting
    12 | D        | Reached skill level 5 in Armour
    12 | D        | Reached skill level 5 in Shields
    12 | D        | Reached XP level 2. HP: 28/29 MP: 1/1
    14 | D        | Noticed an ogre
    21 | D        | Killed an ogre
    22 | D        | Reached skill level 7 in Armour
    22 | D        | Reached XP level 3. HP: 10/38 MP: 2/2
    22 | D        | Reached XP level 4. HP: 12/45 MP: 3/3
   252 | D        | Noticed Sigmund
   268 | D        | Killed Sigmund
   269 | D        | Reached skill level 9 in Armour
   269 | D        | Reached skill level 1 in Dodging
   269 | D        | Reached XP level 5. HP: 30/56 MP: 4/4
   269 | D        | Reached XP level 6. HP: 34/62 MP: 5/5
   422 | D        | Found an ornate altar of the Wu Jian Council.
   422 | D        | Found a shimmering blue altar of Sif Muna.
   424 | D        | Found a radiant altar of Vehumet.
   449 | D        | Found Niacao's General Store.
   449 | D        | Found an ancient bone altar of Kikubaaqudgha.
   449 | D        | Found a hazy altar of Hepliaklqana.
   449 | D        | Found a stormy altar of Qazlal.
   449 | D        | Found a hide-covered altar of Uskayaw.
   449 | D        | Found a blossoming altar of Fedhas.
   449 | D        | Found a bloodstained altar of Trog.
   449 | D        | Found an iron altar of Okawaru.
   449 | D        | Found a basalt altar of Yredelemnul.
   449 | D        | Found a glowing golden altar of the Shining One.
   449 | D        | Found a snail-covered altar of Cheibriados.
   449 | D        | Found a sacrificial altar of Ru.
   449 | D        | Found a glowing silver altar of Zin.
   449 | D        | Found a shadowy altar of Dithmenos.
   449 | D        | Found a white marble altar of Elyvilon.
   449 | D        | Noticed a yak
   459 | D        | Killed a yak
   460 | D        | Reached skill level 10 in Armour
   460 | D        | Found an opulent altar of Gozag.
   461 | D        | Found a sparkling altar of Nemelex Xobeh.
   465 | D        | Bought a scroll of enchant armour for 75 gold pieces
   465 | D        | Bought a scroll of enchant armour for 75 gold pieces
   469 | D        | Became a worshipper of Trog the Wrathful
   477 | D        | Noticed Sonja
   495 | D        | HP: 3/64 [poisoned by Sonja]
   496 | D        | Succumbed to Sonja's poison

Illustrated notes

Levels and vault maps discovered:
D:        dungeon_sprint_1 [red_sonja_temple_1, red_sonja_temple_small_1]

Skill      XL: |  1  2  3  4  5  6 |
---------------+-------------------+-----
Fighting       | 5 6 8 9 |  9.4
Long Blades    | 3 4 6 8 |  8.1
Armour         | 5 7 9 10 | 10.2
Shields        | 5 6 8 |  8.9
Dodging        | 1 2 |  2.0

Action                   |  1- 3 |  4- 6 || total
-------------------------+-------+-------++-------
Melee: Long sword        |    16 |    30 ||    46
       Headbutt          |     4 |     6 ||    10
  Use: Potion            |       |     2 ||     2
Armor: Scale mail        |     3 |    20 ||    23
Dodge: Dodged            |     6 |    13 ||    19
Block: Kite shield       |     4 |    23 ||    27
       Rpst.: Long sword |     1 |     2 ||     3
